 Dungeon Crawl Stone Soup version 0.31-a0-18-gea43df2a32 (webtiles) character file.

Game seed: 15250126537517404860

207 ders the Digger (level 5, -7/28 HPs)
             Began as a Gargoyle Earth Elementalist on May 10, 2023.
             Killed by divine providence
             ... invoked by an orc priest
              (17 damage)
             ... on level 3 of the Dungeon.
             The game lasted 00:02:53 (2077 turns).

ders the Digger (Gargoyle Earth Elementalist)       Turns: 2077, Time: 00:02:53

Health: -7/28      AC:  7    Str: 12    XL:     5   Next: 85%
Magic:  1/11       EV: 11    Int: 17    God:
Gold:   97         SH:  0    Dex: 10    Spells: 11/12 levels left

rFire   . . .        w - +3 quarterstaff (chaos)
rCold   . . .        (shield currently unavailable)
rNeg    + . .        a - +0 robe
rPois   ∞            (no helmet)
rElec   +            x - +0 cloak
rCorr   .            (no gloves)
SInv    .            (no boots)
Will    .....        (no amulet)
Stlth   ++           (no ring)
HPRegen 0.24/turn    (no ring)
MPRegen 0.12/turn

%: no passive effects
@: no status effects
A: sickness immunity, AC +4, negative energy resistance 1, electricity
resistance, torment resistance 1, petrification resistance
a: no special abilities


You were on level 3 of the Dungeon.
You visited 1 branch of the dungeon, and saw 3 of its levels.

You collected 97 gold pieces.

Inventory:

Hand Weapons
 d - a +0 short sword
 w - a +3 quarterstaff of chaos (weapon)
Armour
 a - a +0 robe (worn)
 x - a +0 cloak (worn)
Jewellery
 u - an amulet of regeneration
Wands
 p - a wand of flame (20)
Scrolls
 c - a scroll of summoning {unknown}
 f - 2 scrolls of identify {unknown}
 g - a scroll of brand weapon {unknown}
 i - a scroll of enchant armour {unknown}
 l - 2 scrolls of fear {unknown}
 o - a scroll of noise {unknown}
 r - a scroll of teleportation {unknown}
 t - a scroll of poison {unknown}
 v - a scroll of magic mapping {unknown}
 y - a scroll of silence {unknown}
 z - a scroll of amnesia {unknown}
Potions
 b - a potion of magic
 e - 2 potions of resistance {unknown}
 h - a potion of degeneration {unknown}
 j - a potion of heal wounds {unknown}
 k - a potion of invisibility {unknown}
 m - a potion of mutation {unknown}
 n - a potion of lignification {unknown}
 q - a potion of curing {unknown}
 s - a potion of attraction {unknown}


   Skills:
 - Level 1.5 Dodging
 - Level 2.1 Stealth
 + Level 4.0 Spellcasting
 - Level 0.7 Transmutations
 + Level 6.0 Earth Magic


You had 11 spell levels left.
You knew the following spells:

 Your Spells              Type           Power      Damage    Failure   Level
a - Sandblast             Erth           46%        2d11      1%          1

Your spell library contained the following spells:

 Spells                   Type           Power      Damage    Failure   Level
 Passwall                 Tmut/Erth      11%        N/A       6%          2
 Stone Arrow              Conj/Erth      26%        3d8       14%         3
 Blink                    Tloc           6%         N/A       24%         2
 Petrify                  Tmut/Erth      14%        N/A       36%         4
 Manifold Assault         Tloc           3%         N/A       83%         4
 Storm Form               Tmut/Air       2%         N/A       100%        7


Dungeon Overview and Level Annotations

Branches:
Dungeon (3/15)

Altars:


Innate Abilities, Weirdness & Mutations

You are immune to sickness and miasma.
Your stone body is resilient. (AC +4)
You are immune to poison.
You resist negative energy. (rN+)
You are resistant to electric shocks. (rElec)
You are resistant to unholy torment.
You are immune to petrification.


Message History

Aim: a kobold, wielding a +0 dagger (79% to hit)
The blast of sand hits the kobold!
You kill the kobold!
The orc hits you with a +0 war axe.
Unknown command.
Casting: Sandblast (safe; 1% risk of failure)
Confirm with . or Enter, or press ? or * to list all spells.
Aiming: Sandblast (safe; 1% risk of failure)
Press: ? - help, Shift-Dir - straight line, f - orc
Aim: an orc, wielding a +0 war axe (83% to hit)
The blast of sand hits the orc!
You kill the orc!
The orc priest hits you but does no damage.
You writhe in agony.
The frilled lizard bites you.
Your Earth Magic skill increases to level 6!
Unknown command.
Casting: Sandblast (safe; 1% risk of failure)
Confirm with . or Enter, or press ? or * to list all spells.
You don't have enough magic to cast this spell.
You barely miss the orc priest.
The frilled lizard bites you but does no damage.
The orc priest hits you with a +2 dagger of pain.
You writhe in agony.
You closely miss the orc priest.
The frilled lizard bites you but does no damage.
The orc priest invokes the aid of Beogh against you.
Pain shoots through your body!
You sock the orc priest! You freeze the orc priest.
The orc priest is severely wounded.
The frilled lizard barely misses you.
The orc priest hits you with a +2 dagger of pain.
You closely miss the orc priest.
The orc priest is severely wounded.
The frilled lizard bites you but does no damage.
The orc priest hits you but does no damage.
You writhe in agony.
The orc priest calls down the wrath of Beogh upon you.
Beogh smites you!
Ouch! That really hurt!
You die...

##.####.# . #...##.###
###..)...# ###..#.###
#.##...# ...####.#
.....###.#### # #
#............#########.#...#
#..###.####..l@............#
#.# #. ##.o###########.## #.
.# ##..Kl# ####o### #o..#
##)..$.# .........
...†...... #..........


You could see an orc priest and a frilled lizard.

Vanquished Creatures
  Crazy Yiuf (D:2)
  Terence (D:2)
  Natasha (thrice) (D:2)
  2 adders (D:2)
  3 dart slugs
  4 orcs (D:3)
  3 ball pythons
  3 bats
  8 endoplasms
  A giant cockroach (D:1)
  3 goblins (D:1)
  2 hobgoblins (D:1)
  2 jackals (D:1)
  8 kobolds
  2 quokkas
  3 frilled lizards (D:1)
  6 rats
55 creatures vanquished.

Notes
Turn   | Place    | Note
-------+----------+-------------------------------------------
     0 | D:1      | ders the Gargoyle Earth Elementalist began the quest for
                  | the Orb.
     0 | D:1      | Reached XP level 1. HP: 10/10 MP: 3/3
   142 | D:1      | Reached skill level 4 in Earth Magic
   142 | D:1      | Reached XP level 2. HP: 15/15 MP: 0/5
   594 | D:1      | Found a faded altar of an unknown god.
   649 | D:1      | Reached XP level 3. HP: 19/19 MP: 2/6
   754 | D:1      | You fall into a shaft and drop 1 floor!
  1203 | D:2      | Noticed Terence
  1210 | D:2      | Killed Terence
  1211 | D:2      | Reached XP level 4. HP: 5/24 MP: 2/8
  1415 | D:2      | Found a runed translucent door.
  1416 | D:2      | Noticed Crazy Yiuf
  1509 | D:2      | Reached skill level 5 in Earth Magic
  1602 | D:2      | Noticed Natasha
  1605 | D:2      | Killed Natasha
  1606 | D:2      | Reached XP level 5. HP: 28/28 MP: 7/10
  1658 | D:2      | Noticed Natasha
  1661 | D:2      | Killed Natasha
  1681 | D:2      | Noticed Natasha
  1683 | D:2      | Killed Natasha
  1816 | D:2      | Killed Crazy Yiuf
  2074 | D:3      | Reached skill level 6 in Earth Magic
  2077 | D:3      | Killed from afar by an orc priest

Illustrated notes

Levels and vault maps discovered:
D:1:      eino_arrival_cavern_c, layout_loops_ring, basic_ecumenical_altar
D:2:      layout_rooms, uniq_crazy_yiuf_cottage, uniq_natasha, uniq_terence
D:3:      layout_rooms

Skill      XL: |  1  2  3  4  5 |
---------------+----------------+-----
Earth Magic    | 4 5 6 |  6.0
Spellcasting   | 3 4 |  4.0
Dodging        | |  1.5
Stealth        | |  2.1
Transmutations | |  0.7

Action                     |  1- 3 |  4- 6 || total
---------------------------+-------+-------++-------
  Melee: Short sword       |     6 |       ||     6
         Unarmed           |     2 |       ||     2
         Quarterstaff      |       |     4 ||     4
   Cast: Sandblast         |    43 |    43 ||    86
 Armour: Robe              |     7 |    14 ||    21
  Dodge: Dodged            |     9 |    14 ||    23

Table legend: (Time is in decaauts)
 A = Elapsed time spent in this place.
 B = Non-inter-level travel time spent in this place.
 C = Inter-level travel time spent in this place.
 D = Time resting spent in this place.
 E = Time spent auto-exploring this place.
 F = Levels seen in this place.
 G = Mean time per level.
                   A        B        C        D        E       F      G
               +--------+--------+--------+--------+--------+-----+--------+
         Total |   2120 |   2043 |     77 |    149 |   1553 |   3 |  706.7 |
       Dungeon |   2120 |   2043 |     77 |    149 |   1553 |   3 |  706.7 |
               +--------+--------+--------+--------+--------+-----+--------+

Top non-repeatable levels by time:
     D:1: 1149 daAuts
     D:2: 780 daAuts
     D:3: 190 daAuts
